AoeStats
← Chris Becker

Black Forest

509616105Analyzed
4v4 RM · 5d ago on Sep 27, 2026· 42m 10s· 8 players
Game mode
Random Map
Map size
Large (8 player)
Population
200
Speed
Normal
Resources
Standard
Victory
Conquest
Starting age
Dark Age
Ending age
Imperial Age
RankedLock teamsTeams togetherTeam positionsShared explorationLock speedFull tech treeHidden civsTurbo modeCheats
Victory
Defeat
🇹🇼 Japanese · Taiwan
1542
+12
🇩🇪 Ethiopians · Germany
1482
+14
🇨🇳 Persians · China
1434
+16
🇹🇼 Bohemians · Taiwan
1350
+20
🇨🇳 Ethiopians · China
1530
-19
🇨🇳 Celts · China
1461
-16
🇹🇷 Khmer · Türkiye
1445
-16
🇧🇷 Persians · Brazil
1328
-11
菜就怪隊友
1:14 Loom
11:17 Feudal Age
11:20 Man-at-Arms
11:55 Double-Bit Axe
17:44 Fletching
20:54 Castle Age
20:39 Arson
20:58 Pikeman
26:03 Forging
27:23 Wheelbarrow
26:55 Horse Collar
30:00 Bow Saw
31:03 Fortified Wall
37:48 Imperial Age
35:44 Ballistics
35:39 Padded Archer Armor
36:19 Hand Cart
37:01 Bodkin Arrow
38:04 Leather Archer Armor
38:30 Bracer
39:34 Chemistry
37:56 Heavy Cavalry Archer
39:02 Parthian Tactics
39:40 Two-Man Saw
38:46 Yasama
39:10 Conscription
38:57 Thumb Ring
39:37 Ring Archer Armor
40:44 Capped Ram
42:06 Town Watch
42:13 Gold Mining
42:14 Stone Mining
42:46 Husbandry
42:56 Bloodlines
TW_彰化人
11:32 Feudal Age
15:24 Castle Age
13:56 Horse Collar
14:22 Double-Bit Axe
20:43 Wheelbarrow
21:50 Heavy Plow
22:37 Loom
24:38 Bow Saw
28:46 Imperial Age
26:16 Pikeman
26:57 Squires
26:58 Scale Mail Armor
28:16 Chemistry
27:37 Ballistics
28:10 Hand Cart
28:49 Padded Archer Armor
29:14 Houfnice
29:40 Halberdier
32:33 Chain Mail Armor
32:29 Forging
34:10 Plate Mail Armor
34:49 Iron Casting
38:15 Coinage
Chris Becker
1:14 Loom
13:01 Feudal Age
17:09 Castle Age
15:26 Double-Bit Axe
18:42 Fletching
19:10 Bow Saw
22:54 Horse Collar
29:45 Imperial Age
28:14 Heavy Plow
28:17 Gold Mining
29:46 Wheelbarrow
30:56 Padded Archer Armor
30:35 Onager
32:32 Chemistry
31:32 Bodkin Arrow
32:24 Crossbowman
33:17 Bracer
34:04 Thumb Ring
34:34 Ballistics
34:18 Arbalester
36:07 Leather Archer Armor
38:10 Hand Cart
39:42 Siege Engineers
徽sir
4:50 Loom
11:12 Feudal Age
12:05 Double-Bit Axe
14:44 Castle Age
12:26 Horse Collar
15:35 Bow Saw
23:59 Wheelbarrow
24:30 Gold Mining
24:34 Stone Mining
25:05 Heavy Plow
26:00 Hand Cart
30:26 Imperial Age
27:43 Town Watch
28:08 Scale Barding Armor
28:17 Forging
29:13 Chain Barding Armor
29:33 Devotion
30:21 Iron Casting
31:07 Conscription
30:08 Elite War Elephant
31:27 Plate Barding Armor
32:07 Two-Man Saw
31:33 Husbandry
31:43 Bloodlines
33:12 Coinage
32:53 Guilds
33:45 Blast Furnace
35:05 Masonry
35:58 Chemistry
35:19 Ballistics
35:44 Capped Ram
36:30 Fletching
37:26 Gold Shaft Mining
37:15 Heavy Scorpion
39:16 Architecture
40:19 Siege Ram
40:56 Light Cavalry
41:48 Hussar
JR91
0:46 Loom
11:04 Feudal Age
15:23 Castle Age
14:50 Scale Barding Armor
14:35 Double-Bit Axe
14:32 Horse Collar
16:12 Forging
21:07 Wheelbarrow
23:05 Bloodlines
23:45 Chain Barding Armor
24:36 Bow Saw
30:51 Imperial Age
29:41 Heavy Plow
31:41 Husbandry
31:02 Cavalier
31:53 Kamandaran
32:14 Conscription
32:05 Fletching
32:15 Padded Archer Armor
32:42 Ballistics
33:22 Chemistry
32:26 Kamandaran
31:56 Light Cavalry
33:13 Plate Barding Armor
32:33 Crossbowman
33:36 Hussar
34:17 Bodkin Arrow
36:14 Leather Archer Armor
恩底弥翁之鹰
0:36 Loom
11:23 Feudal Age
15:53 Castle Age
24:34 Double-Bit Axe
24:38 Horse Collar
30:15 Wheelbarrow
34:46 Hand Cart
37:54 Imperial Age
36:21 Ballistics
39:11 Fortified Wall
40:02 Chemistry
GPA_PisagorAmca
11:24 Feudal Age
12:18 Double-Bit Axe
15:20 Castle Age
13:08 Horse Collar
16:14 Bow Saw
20:25 Wheelbarrow
21:12 Gold Mining
22:01 Heavy Plow
25:00 Gold Shaft Mining
28:20 Imperial Age
26:59 Ballistics
28:03 Scale Barding Armor
27:20 Light Cavalry
28:10 Bloodlines
28:01 Husbandry
28:24 Forging
29:16 Chain Barding Armor
30:08 Chemistry
29:19 Double Crossbow
29:35 Heavy Scorpion
31:03 Iron Casting
31:26 Plate Barding Armor
30:49 Hussar
32:57 Blast Furnace
33:27 Siege Engineers
38:09 Fortified Wall
40:38 Elite Battle Elephant
41:17 Loom
Elite Noob
1:35 Loom
11:55 Feudal Age
15:57 Castle Age
14:14 Horse Collar
14:22 Double-Bit Axe
24:47 Wheelbarrow
25:49 Stone Mining
25:56 Gold Mining
26:43 Hand Cart
30:41 Imperial Age
28:46 Squires
28:52 Scale Mail Armor
29:04 Forging
29:02 Heavy Plow
29:43 Bow Saw
30:35 Chain Mail Armor
31:27 Torsion Engines
31:48 Conscription
30:51 Halberdier
32:56 Two-Man Saw
33:25 Chemistry
33:15 Plate Mail Armor
34:33 Siege Engineers
37:19 Iron Casting
38:54 Capped Ram
41:42 Blast Furnace
Connection lost

Rejoining the realm…

Still unreachable

The connection could not be restored.

Session expired

The server has moved on; the page needs a fresh start.